 Dungeon Crawl Stone Soup version 0.28-a0-983-g1de4e0787c (webtiles) character file.

Game seed: 9493384700424609473

188 Redcow54321 the Poker (level 5, -2/55 HPs)
             Began as an Ogre Gladiator on Dec 3, 2021.
             Slain by a gnoll (6 damage)
             ... on level 4 of the Dungeon.
             The game lasted 00:03:15 (1900 turns).

Redcow54321 the Poker (Ogre Gladiator)              Turns: 1900, Time: 00:03:16

Health: -2/55      AC:  3    Str: 20    XL:     5   Next: 67%
Magic:  5/5        EV: 10    Int:  9    God:
Gold:   67         SH:  0    Dex: 10    Spells: 4/4 levels left

rFire   . . .      SeeInvis .   a - +0 trident
rCold   . . .      Faith    .   (no shield)
rNeg    . . .      Spirit   .   b - +0 robe
rPois   .          Reflect  .   c - +0 hat
rElec   .          Harm     .   (no cloak)
rCorr   .          Rampage  .   (gloves unavailable)
Will    .....                   (boots unavailable)
Stlth   +.........              (no amulet)
HPRegen 0.18/turn               (no ring)
MPRegen 0.09/turn               (no ring)

@: no status effects
A: large, unfitting armour, tough skin 1
a: no special abilities


You were on level 4 of the Dungeon.
You visited 1 branch of the dungeon, and saw 3 of its levels.

You collected 67 gold pieces.

Inventory:

Hand Weapons
 a - a +0 trident (weapon)
Missiles
 d - 3 throwing nets (quivered)
Armour
 b - a +0 robe (worn)
 c - a +0 hat (worn)
Scrolls
 e - 3 scrolls of identify {unknown}
 i - a scroll of magic mapping {unknown}
 j - 2 scrolls of teleportation {unknown}
 l - a scroll of vulnerability {unknown}
Potions
 f - a potion of lignification {unknown}
 g - a potion of berserk rage {unknown}
 h - 2 potions of curing {unknown}
 k - a potion of attraction {unknown}


   Skills:
 * Level 4.9 Fighting
 + Level 5.3 Polearms
 - Level 2.0 Throwing
 - Level 2.6 Dodging


You had 4 spell levels left.
You didn't know any spells.
Your spell library was empty.

Dungeon Overview and Level Annotations

Branches:
Dungeon (2/15)

Altars:

Shops:
D:1 (:((   D:4 *


Innate Abilities, Weirdness & Mutations

You are too large for most types of armour.
You have tough skin. (AC +1)


Message History

The gnoll hits you but does no damage. The gnoll hits you but does no damage.
The gnoll hits you from afar with a +3 spear.
You see here a +0 flail.
You closely miss the gnoll. The gnoll hits you with a +0 spear!
The gnoll hits you from afar with a +3 spear.
You hit the gnoll.
The gnoll is lightly wounded.
The gnoll barely misses you.
The gnoll hits you from afar with a +3 spear!
You closely miss the gnoll.
The gnoll is lightly wounded.
The gnoll barely misses you. The gnoll hits you but does no damage.
You closely miss the gnoll.
The gnoll is lightly wounded.
The gnoll hits you but does no damage. The gnoll barely misses you.
You hit the gnoll.
The gnoll is moderately wounded.
The gnoll closely misses you.
The gnoll hits you from afar with a +3 spear!
You barely miss the gnoll.
The gnoll is moderately wounded.
The gnoll hits you with a +0 spear.
The gnoll hits you from afar with a +3 spear!
The gnoll barely misses you.
You hit the gnoll.
The gnoll is severely wounded.
The gnoll hits you from afar with a +3 spear!
* * * LOW HITPOINT WARNING * * *
The gnoll hits you but does no damage.
You puncture the gnoll!
You kill the gnoll!
The gnoll hits you from afar with a +3 spear.
* * * LOW HITPOINT WARNING * * *
The gnoll hits you with a +3 spear.
* * * LOW HITPOINT WARNING * * *
Things that are here:
a +0 spear; a gnoll corpse You barely miss the gnoll.
The gnoll hits you with a +3 spear.
You die...

# #.......... #.....# #
#.......... #....# #.....# #
######.####### #....# #.....# #
#...........# #.[..# #.....# #
#........##.# #....# #.....# #
#........# #....# #.....# #
#........## #....# #.....# #
#.........#.#####....###.....#
######.......#.g@)?.......).....#
.......#####.#######....######.##
.........#..<#.............# #.#
......# #.###.###########.# #.#
......# #.# #.# #.###.## .รท....#
#.# #.# #.#..... ......# #.# #.#
#.#.#.## ......## #.# #.########
#.#.#... .......# #.###.##.....#
#.#.#...


You could see a gnoll.

Vanquished Creatures
  A scorpion (D:4)
  A hound (D:2)
  4 adders
  2 gnolls (D:4)
  A howler monkey skeleton (D:4)
  2 dart slugs (D:1)
  4 bats (D:1)
  3 endoplasms
  3 goblins
  4 hobgoblins
  2 jackals (D:1)
  A quokka (D:2)
  5 ball pythons
  3 frilled lizards (D:1)
  A kobold (D:4)
  2 rats (D:1)
39 creatures vanquished.

Notes
Turn   | Place    | Note
-------+----------+-------------------------------------------
     0 | D:1      | Redcow54321 the Ogre Gladiator began the quest for the Orb.
     0 | D:1      | Reached XP level 1. HP: 22/22 MP: 1/1
     8 | D:1      | Found Cetwuoh's Antique Weapon Shoppe.
    40 | D:1      | Found a faded altar of an unknown god.
    77 | D:1      | Reached XP level 2. HP: 31/31 MP: 2/2
   506 | D:1      | Found Puij's Book Shop.
   560 | D:1      | Found Kein's Antique Weapon Shoppe.
   651 | D:1      | Reached XP level 3. HP: 36/37 MP: 3/3
   926 | D:1      | Found Riommyli's Antique Weapon Boutique.
  1100 | D:2      | Reached skill level 4 in Polearms
  1146 | D:2      | Reached XP level 4. HP: 26/48 MP: 4/4
  1493 | D:2      | You fall into a shaft and drop 2 floors!
  1514 | D:4      | Found Yfaont Antubb's Lightly-Used Armoury.
  1539 | D:4      | Noticed a scorpion
  1543 | D:4      | Killed a scorpion
  1544 | D:4      | Reached skill level 5 in Polearms
  1544 | D:4      | Reached XP level 5. HP: 55/55 MP: 5/5
  1900 | D:4      | Slain by a gnoll

Illustrated notes

Levels and vault maps discovered:
D:1:      dpeg_arrival_solitude, layout_loops_ring, serial_shops, shop,
          nicolae_shop_overgrown_old_shop, shop_statue, shop,
          ebering_ecumenical_altar_sacrificial
D:2:      minmay_inner_zag, layout_basic
D:4:      layout_basic, minmay_shop_damaged

Skill      XL: |  1  2  3  4 |
---------------+-------------+-----
Fighting       | 3 4 |  4.9
Polearms       | 4 5 |  5.3
Throwing       | |  2.0
Dodging        | |  2.6

Action                   |  1- 3 |  4- 6 || total
-------------------------+-------+-------++-------
Melee: Trident           |    91 |    60 ||   151
 Stab: Sleeping          |     1 |       ||     1
Armor: Robe              |    21 |    11 ||    32
Dodge: Dodged            |    40 |    25 ||    65

Table legend: (Time is in decaauts)
 A = Elapsed time spent in this place.
 B = Non-inter-level travel time spent in this place.
 C = Inter-level travel time spent in this place.
 D = Time resting spent in this place.
 E = Time spent auto-exploring this place.
 F = Levels seen in this place.
 G = Mean time per level.
                   A        B        C        D        E       F      G
               +--------+--------+--------+--------+--------+-----+--------+
         Total |   1914 |   1877 |     37 |      0 |   1575 |   3 |  638.0 |
       Dungeon |   1914 |   1877 |     37 |      0 |   1575 |   3 |  638.0 |
               +--------+--------+--------+--------+--------+-----+--------+

Top non-repeatable levels by time:
     D:1: 1017 daAuts
     D:2: 488 daAuts
     D:4: 408 daAuts
